 Dungeon Crawl Stone Soup version 0.27.1-37-g7b29ead8ac (webtiles) character file.

Game seed: 1285260448612803657

338 AarnesTheHuman the Shield-Bearer (level 6, -5/50 HPs)
             Began as a Formicid Fighter on Nov 10, 2023.
             Slain by an ogre (16 damage)
             ... on level 4 of the Dungeon.
             The game lasted 00:04:48 (4549 turns).

AarnesTheHuman the Shield-Bearer (Formicid Fighter) Turns: 4549, Time: 00:04:48

Health: -5/50      AC:  9    Str: 22    XL:     6   Next: 85%
Magic:  6/6        EV:  6    Int:  8    God:
Gold:   222        SH: 10    Dex: 10    Spells: 5/5 levels left

rFire    . . .     SeeInvis +   a - +0 quarterstaff
rCold    . . .     Faith    .   c - +0 kite shield
rNeg     . . .     Spirit   .   s - +0 chain mail
rPois    .         Reflect  .   (helmet unavailable)
rElec    .         Harm     .   (no cloak)
rCorr    .         Rampage  .   (no gloves)
Will     .....                  (no boots)
Stlth    ..........             (no amulet)
HPRegen  0.16/turn              (no ring)
MPRegen  0.10/turn              (no ring)

@: mighty
A: permanent stasis, dig shafts and tunnels, antennae 3, four strong arms
a: Dig, Shaft Self


You were on level 4 of the Dungeon.
You visited 1 branch of the dungeon, and saw 4 of its levels.

You collected 222 gold pieces.

Inventory:

Hand Weapons
 a - a +0 quarterstaff (weapon)
 g - a +2 short sword of draining
 B - a +1 dagger of venom
Missiles
 f - 35 bolts
 h - 85 stones
 l - 15 poisoned darts (quivered)
 x - a throwing net
Armour
 b - a +0 scale mail
 c - a +0 kite shield (worn)
 s - a +0 chain mail (worn)
Scrolls
 j - a scroll of amnesia {unknown}
 k - 2 scrolls of immolation {unknown}
 m - 4 scrolls of identify {unknown}
 o - a scroll of enchant armour {unknown}
 t - a scroll of enchant weapon {unknown}
 u - 3 scrolls of teleportation {unknown}
 w - 2 scrolls of noise {unknown}
 y - 2 scrolls of magic mapping {unknown}
 A - a scroll of blinking {unknown}
Potions
 d - a potion of might
 e - 2 potions of attraction {unknown}
 i - a potion of heal wounds {unknown}
 n - a potion of brilliance {unknown}
 p - 4 potions of curing {unknown}
 q - 2 potions of lignification {unknown}
 r - a potion of flight {unknown}
 v - a potion of mutation {unknown}
 z - a potion of degeneration {unknown}


   Skills:
 + Level 4.8 Fighting
 + Level 3.7 Staves
 + Level 4.8 Armour
 + Level 5.2 Shields


You had 5 spell levels left.
You didn't know any spells.
Your spell library was empty.

Dungeon Overview and Level Annotations

Branches:
Dungeon (4/15)
 Temple: D:4-7

Altars:
Wu Jian

Annotations:
D:3 exclusion: 3 downstairs


Innate Abilities, Weirdness & Mutations

You cannot be hasted, slowed, berserked, paralysed or teleported.
You can dig through walls and to a lower floor.
You have a pair of large antennae on your head. (SInv)
Your four strong arms can wield two-handed weapons with a shield.


Message History

The ogre is poisoned.
Throw: 20 darts (poison)
Press: ? - help, Q - select action, (/) - cycle Shift-Dir - straight line, f/p - ogre
Aim: an ogre, wielding a +0 giant spiked club (lightly wounded, poisoned, 73% to hit)
You throw a poisoned dart. The poisoned dart hits the ogre.
The ogre is lightly wounded.
Throw: 19 darts (poison)
Press: ? - help, Q - select action, (/) - cycle Shift-Dir - straight line, f/p - ogre
Aim: an ogre, wielding a +0 giant spiked club (lightly wounded, poisoned, 72% to hit)
You throw a poisoned dart. The poisoned dart hits the ogre.
The ogre looks even sicker.
The ogre is lightly wounded.
Throw: 18 darts (poison)
Press: ? - help, Q - select action, (/) - cycle Shift-Dir - straight line, f/p - ogre
Aim: an ogre, wielding a +0 giant spiked club (lightly wounded, very poisoned, 72% to hit)
You throw a poisoned dart.
The poisoned dart barely misses the ogre.
The ogre looks more healthy.
Throw: 17 darts (poison)
Press: ? - help, Q - select action, (/) - cycle Shift-Dir - straight line, f/p - ogre
Aim: an ogre, wielding a +0 giant spiked club (heavily wounded, 72% to hit)
You throw a poisoned dart.
The poisoned dart barely misses the ogre.
The ogre hits you with a +0 giant spiked club.
Throw: 16 darts (poison)
Press: ? - help, Q - select action, (/) - cycle Shift-Dir - straight line, f/p - ogre
Aim: an ogre, wielding a +0 giant spiked club (moderately wounded, 73% to hit)
You throw a poisoned dart.
The poisoned dart barely misses the ogre.
You hit the ogre but do no damage.
The ogre is moderately wounded.
The ogre hits you with a +0 giant spiked club!!
Ouch! That really hurt!
You feel very mighty all of a sudden.
The ogre hits you with a +0 giant spiked club!
* * * LOW HITPOINT WARNING * * *
You closely miss the ogre.
The ogre is moderately wounded.
The ogre hits you with a +0 giant spiked club!
You die...

##...# #..# ####### ##..##
##.# .#..# ##.## #.# ######
....#### #≈..####.## #.....
.#.....# ≈≈..≈##...# #.###.
...##### ≈...≈≈#...# #.#...
#...#### #.§§§≈#...# #.#.#.
.....#.###.§§§##.### #.....
^......##..§.§##@# ###.##
.....####....###O# #.#
#...###.##..###..# #.#
##.####.##.####..## #.#
####(.............#########
#.#
.....##.#######...........#
#.# #######.# #...#######.#
#.## # #.# ##### #.# #... #
#.# #.# ####


You could see an ogre.

Vanquished Creatures
  An ogre (D:4)
  Natasha (thrice) (D:2)
  2 orc wizards
  2 adders
  An adder skeleton (D:4)
  2 worms (D:3)
  5 dart slugs
  7 orcs
  9 ball pythons
  9 endoplasms
  2 giant cockroaches
  9 goblins
  5 hobgoblins
  2 jackals (D:3)
  6 kobolds
  5 quokkas
  7 bats
  5 frilled lizards
  6 rats
88 creatures vanquished.

Notes
Turn   | Place    | Note
-------+----------+-------------------------------------------
     0 | D:1      | AarnesTheHuman the Formicid Fighter began the quest for the
                  | Orb.
     0 | D:1      | Reached XP level 1. HP: 18/18 MP: 1/1
   123 | D:1      | Reached XP level 2. HP: 24/24 MP: 2/2
   448 | D:1      | Reached skill level 4 in Shields
   448 | D:1      | Reached XP level 3. HP: 27/29 MP: 3/3
  1236 | D:2      | Noticed Natasha
  1245 | D:2      | Killed Natasha
  1246 | D:2      | Reached XP level 4. HP: 28/37 MP: 4/4
  1431 | D:2      | Found a faded altar of an unknown god.
  1550 | D:2      | Noticed Natasha
  1556 | D:2      | Killed Natasha
  1569 | D:2      | Noticed Natasha
  1576 | D:2      | Killed Natasha
  1577 | D:2      | Reached XP level 5. HP: 34/42 MP: 5/5
  2992 | D:3      | Found an ornate altar of the Wu Jian Council.
  3391 | D:4      | Reached XP level 6. HP: 44/49 MP: 6/6
  3396 | D:4      | Noticed an ogre
  3593 | D:3      | Reached skill level 5 in Shields
  3846 | D:4      | Killed an ogre
  4051 | D:4      | Noticed an ogre
  4549 | D:4      | Slain by an ogre

Illustrated notes

Levels and vault maps discovered:
D:1:      matt_arrival_diagonals, layout_basic
D:2:      layout_basic, chequers_ecumenical_altar_simple,
          minmay_stone_trees_small, uniq_natasha
D:3:      layout_rooms, lemuel_crystal_altar, kennysheep_generic_room_8
D:4:      layout_loops_ring, minmay_temple_entry_fiery, palyth_stone_intersect

Skill      XL: |  1  2  3  4  5  6 |
---------------+-------------------+-----
Shields        | 4 5 |  5.2
Fighting       | 4 |  4.8
Armour         | 4 |  4.8
Staves         | 3 |  3.7

Action                   |  1- 3 |  4- 6 || total
-------------------------+-------+-------++-------
Melee: Quarterstaff      |    90 |   193 ||   283
Throw: Dart              |       |    10 ||    10
  Use: Potion            |       |     1 ||     1
Armor: Scale mail        |    44 |    49 ||    93
       Chain mail        |       |    39 ||    39
Dodge: Dodged            |    37 |    61 ||    98
Block: Kite shield       |    52 |    90 ||   142
